[Event "2026 Biel Blitz Open"]
[Site "Biel, CH"]
[Date "2026.07.19"]
[Round "9"]
[White "Garcia, Miguel"]
[Black "Jelicic, Hugo"]
[Result "1/2-1/2"]
[Board "40"]
[TimeControl "180+2"]
[WhiteFideId "1317431"]
[BlackFideId "1349040"]
[WhiteElo "1938"]
[BlackElo "1804"]
[WhiteClock "0:00:17"]
[BlackClock "0:00:26"]
[Variant "Standard"]
[EndDate "2026.07.19"]
[EndTime "14:46:51"]

1. Nf3 d5 2. g3 Nf6 3. Bg2 c5 4. d3 Nc6 5. O-O e5 6. Nbd2 Be7 7. e4 d4 8. Nc4 Qc7 9. a4 O-O 10. c3 Ne8 11. Nfd2 f5 12. f4 Be6 13. exf5 Bxf5 14. Bxc6 bxc6 15. Nxe5 Bf6 16. Ndc4 Nd6 17. Nxd6 Qxd6 18. Nc4 Qd5 19. Qf3 Qxf3 20. Rxf3 dxc3 21. bxc3 Bxc3 22. Rb1 Bg4 23. Rf2 Bd4 24. Be3 Rad8 25. Bxd4 Rxd4 26. Ne5 Bf5 27. Rd2 g6 28. Rb7 c4 29. Nxc4 Rxd3 30. Rxd3 Bxd3 31. Ne5 Be4 32. Rxa7 Rb8 33. Rc7 Rb1+ 34. Kf2 Ra1 35. Nxc6 Bxc6 36. Rxc6 Rxa4 37. h3 Ra2+ 38. Kf3 Ra3+ 39. Kg4 Ra5 40. Rc7 Rf5 41. Kf3 Ra5 42. g4 Ra3+ 43. Kg2 Ra2+ 44. Kg3 Ra3+ 45. Kh4 Rf3 46. Rc4 Kg7 47. Rc7+ Kg8 48. Rc8+ Kg7 49. Rc7+ Kg8 50. Rc8+ 1/2-1/2

[Event "2026 Biel Blitz Open"]
[Site "Biel, CH"]
[Date "2026.07.19"]
[Round "9"]
[White "Bujes, Aurelien"]
[Black "Delion, Helge"]
[Result "0-1"]
[Board "41"]
[TimeControl "180+2"]
[WhiteFideId "1347179"]
[BlackFideId "12914568"]
[WhiteElo "1741"]
[BlackElo "1911"]
[WhiteClock "0:00:16"]
[BlackClock "0:00:09"]
[Variant "Standard"]
[EndDate "2026.07.19"]
[EndTime "14:43:44"]

1. e4 e5 2. Nf3 Nc6 3. Bc4 Nf6 4. d3 Bc5 5. c3 d6 6. Bg5 h6 7. Bh4 Bg4 8. Nbd2 g5 9. Bg3 Nh5 10. b4 Bb6 11. a4 a5 12. b5 Ne7 13. Qb3 Rf8 14. Bxe5 Bxf3 15. Nxf3 dxe5 16. Nxe5 Qd6 17. d4 O-O-O 18. Nxf7 Qf4 19. O-O Rde8 20. g3 Qf6 21. e5 Qf3 22. Nxh6 Ng6 23. Be6+ Rxe6 24. Qxe6+ Kb8 25. Qxg6 Nf4 26. Rfe1 Qg2# 0-1

[Event "2026 Biel Blitz Open"]
[Site "Biel, CH"]
[Date "2026.07.19"]
[Round "9"]
[White "Mousseau, Leo"]
[Black "Alexakis, Dimitrios"]
[Result "0-1"]
[Board "42"]
[TimeControl "180+2"]
[WhiteFideId "34666931"]
[BlackFideId "4200527"]
[WhiteElo "1714"]
[BlackElo "1895"]
[WhiteClock "0:00:07"]
[BlackClock "0:00:14"]
[Variant "Standard"]
[EndDate "2026.07.19"]
[EndTime "14:43:40"]

1. e4 c5 2. Nf3 d6 3. d4 cxd4 4. Nxd4 Nf6 5. Nc3 g6 6. Be3 Bg7 7. f3 O-O 8. Bc4 Nc6 9. Qd2 Bd7 10. O-O-O Rc8 11. Bb3 Nxd4 12. Bxd4 b5 13. h4 a5 14. Nd5 Nxd5 15. Bxd5 e6 16. Bxg7 Kxg7 17. Bb7 Rb8 18. Qxd6 Rxb7 19. h5 Qc7 20. h6+ Kg8 21. Qe7 Qf4+ 22. Kb1 Bc6 23. Qc5 Rc7 24. Rd6 Rfc8 25. Rhd1 Qxh6 26. Rd8+ Be8 27. Qd4 Qf8 28. Rxc8 Rxc8 29. g4 Qc5 30. Qd3 b4 31. Rh1 Bb5 32. Qd2 Ba4 33. Ka1 Qxc2 34. Qh6 b3 35. Qxh7+ Kf8 36. Qh8+ Ke7 37. Qh4+ Ke8 38. Qh8+ Kd7 39. Qh3 Qc1+ 0-1

[Event "2026 Biel Blitz Open"]
[Site "Biel, CH"]
[Date "2026.07.19"]
[Round "9"]
[White "Lupei, Denis"]
[Black "Chantrell, Paul"]
[Result "1-0"]
[Board "43"]
[TimeControl "180+2"]
[WhiteFideId "34611231"]
[BlackFideId "451967"]
[WhiteElo "1890"]
[BlackElo "1749"]
[WhiteClock "0:00:26"]
[BlackClock "0:00:18"]
[Variant "Standard"]
[EndDate "2026.07.19"]
[EndTime "14:38:49"]

1. e4 e5 2. Nf3 Nc6 3. Bc4 Bc5 4. c3 Nf6 5. d3 a6 6. a4 Ba7 7. a5 d6 8. Nbd2 O-O 9. h3 h6 10. O-O Nh5 11. Nxe5 Qh4 12. Ndf3 Qe7 13. Ng6 Qf6 14. Nxf8 Kxf8 15. Be3 Nf4 16. Bxf4 Qxf4 17. Qd2 Qf6 18. Nh2 Be6 19. Bxe6 fxe6 20. Ng4 Qg6 21. Qf4+ Kg8 22. Ne3 Rf8 23. Qg4 Qe8 24. d4 e5 25. Nf5 g6 26. Nxh6+ Kh7 27. Qh4 Kg7 28. Ng4 exd4 29. Qh6+ Kf7 30. Qh7+ Ke6 31. f4 dxc3+ 32. Kh1 Ne7 33. f5+ gxf5 34. exf5+ Nxf5 35. Rae1+ Kd5 36. Rxf5+ 1-0

[Event "2026 Biel Blitz Open"]
[Site "Biel, CH"]
[Date "2026.07.19"]
[Round "9"]
[White "Leuthold, Cyrill"]
[Black "Aryan Goyal"]
[Result "0-1"]
[Board "44"]
[TimeControl "180+2"]
[WhiteFideId "1333011"]
[BlackFideId "366108825"]
[WhiteElo "1887"]
[BlackElo "1748"]
[WhiteClock "0:00:04"]
[BlackClock "0:00:13"]
[Variant "Standard"]
[EndDate "2026.07.19"]
[EndTime "14:39:22"]

1. d4 Nf6 2. Nf3 e6 3. Bf4 d5 4. c3 Bd6 5. e3 O-O 6. Nbd2 c5 7. Bd3 Bxf4 8. exf4 b6 9. Qe2 a5 10. O-O Ba6 11. Bxa6 Nxa6 12. g3 Qd6 13. Rfe1 Rfc8 14. Rad1 cxd4 15. Nxd4 Nc5 16. N2f3 Nfe4 17. Ne5 f6 18. Nd3 Nxd3 19. Qxd3 Re8 20. Nb5 Qc5 21. Re2 Rad8 22. a4 e5 23. fxe5 fxe5 24. Qe3 Qxe3 25. Rxe3 Nf6 26. Red3 Rd7 27. Kg2 Red8 28. h3 Ne4 29. f3 Nc5 30. Re3 Re8 31. Re2 Nxa4 32. Red2 Red8 33. c4 d4 34. b3 Nc5 35. Rb2 Re7 36. Kf2 Na6 37. Re2 Nc5 38. Rb1 Rf7 39. g4 g6 40. h4 Kg7 41. Kg3 Nd3 42. Rd2 Nc5 43. b4 axb4 44. Rxb4 Rdf8 45. Rf2 Nd3 46. Rbb2 Nxb2 0-1

[Event "2026 Biel Blitz Open"]
[Site "Biel, CH"]
[Date "2026.07.19"]
[Round "9"]
[White "Hirt, Markus"]
[Black "Vedant Nayudu"]
[Result "1/2-1/2"]
[Board "46"]
[TimeControl "180+2"]
[WhiteFideId "1302582"]
[BlackFideId "33369780"]
[WhiteElo "1880"]
[BlackElo "1732"]
[WhiteClock "0:00:36"]
[BlackClock "0:00:28"]
[Variant "Standard"]
[EndDate "2026.07.19"]
[EndTime "14:43:28"]

1. e4 c6 2. Nf3 d5 3. d3 dxe4 4. dxe4 Qxd1+ 5. Kxd1 f6 6. Ne1 e5 7. Nd3 Be6 8. Nd2 Nd7 9. Be2 Nc5 10. Nxc5 Bxc5 11. f3 O-O-O 12. Ke1 Ne7 13. Nf1 Ng6 14. g3 h5 15. Be3 Bxe3 16. Nxe3 h4 17. Kf2 Rd2 18. b3 Rhd8 19. Rhd1 Kc7 20. Rxd2 Rxd2 21. Rd1 Rxd1 22. Bxd1 hxg3+ 23. hxg3 Kd6 24. Be2 Ne7 25. Ke1 c5 26. Kd2 Nc6 27. c3 b6 28. Bc4 Bxc4 29. Nxc4+ Ke6 30. Ne3 Ne7 31. Kd3 b5 32. a4 a6 33. axb5 axb5 34. c4 b4 35. f4 exf4 36. gxf4 1/2-1/2

[Event "2026 Biel Blitz Open"]
[Site "Biel, CH"]
[Date "2026.07.19"]
[Round "9"]
[White "Draude, Theo"]
[Black "Chu, Wa Ching David"]
[Result "0-1"]
[Board "47"]
[TimeControl "180+2"]
[WhiteFideId "34623809"]
[BlackFideId "6013180"]
[WhiteElo "1861"]
[BlackElo "1673"]
[WhiteClock "0:00:07"]
[BlackClock "0:00:09"]
[Variant "Standard"]
[EndDate "2026.07.19"]
[EndTime "14:43:39"]

1. e4 c5 2. Nf3 d6 3. d4 cxd4 4. Nxd4 Nf6 5. Nc3 g6 6. Be3 Bg7 7. f3 O-O 8. Qd2 Nc6 9. O-O-O d5 10. Nxc6 bxc6 11. Bc4 e6 12. Bb3 Bb7 13. Na4 Qc7 14. Nc5 Rfd8 15. Qe2 Nd7 16. Rhe1 dxe4 17. Nxe4 Nb6 18. Bg5 Rxd1+ 19. Rxd1 Qe5 20. h4 Qxb2+ 21. Kd2 f6 22. Bxe6+ Kh8 23. Be3 f5 24. Ke1 fxe4 25. fxe4 Rf8 26. Rd6 Qb4+ 27. Rd2 Bc3 28. Bd4+ Bxd4 0-1

[Event "2026 Biel Blitz Open"]
[Site "Biel, CH"]
[Date "2026.07.19"]
[Round "9"]
[White "Koehler, Noe"]
[Black "Berezovskii, Arina"]
[Result "1/2-1/2"]
[Board "49"]
[TimeControl "180+2"]
[WhiteFideId "1362488"]
[BlackFideId "34449850"]
[WhiteElo "1639"]
[BlackElo "1851"]
[BlackTitle "WCM"]
[WhiteClock "0:00:09"]
[BlackClock "0:00:15"]
[Variant "Standard"]
[EndDate "2026.07.19"]
[EndTime "14:40:42"]

1. Nf3 Nf6 2. b3 b6 3. Bb2 Bb7 4. e3 g6 5. Be2 Bg7 6. O-O O-O 7. c4 c5 8. d3 e6 9. Nbd2 d5 10. cxd5 exd5 11. d4 Ne4 12. Rb1 Nd7 13. dxc5 Bxb2 14. Rxb2 Ndxc5 15. Rc2 Qf6 16. Nd4 Rac8 17. N2f3 Ne6 18. Nxe6 fxe6 19. Rxc8 Rxc8 20. Qd4 Qxd4 21. Nxd4 e5 22. Nf3 Rc2 23. Bd3 Rxa2 24. Bxe4 dxe4 25. Nxe5 Rb2 26. h4 Rxb3 27. Rc1 Bd5 28. Rc7 a5 29. Rd7 Be6 30. Rd6 Bf5 31. g4 Rb5 32. gxf5 Rxe5 33. fxg6 hxg6 34. Rxg6+ Kh7 35. Rxb6 Rh5 36. Ra6 Rxh4 37. Rxa5 Kg6 38. Kg2 Kf6 39. Kg3 Rh1 40. Kf4 Rh4+ 41. Kg3 Rh8 42. Kf4 Rh4+ 43. Kg3 Rh8 44. Ra4 Kf5 45. Ra5+ Kf6 46. f4 exf3 47. Kxf3 Rh3+ 48. Ke4 Rh4+ 49. Kd3 Rh3 50. Ra4 Ke6 51. Re4+ Kd6 52. Rf4 Ke6 53. Ke4 Rg3 54. Rh4 Rg1 55. Rh6+ Ke7 56. Ke5 Re1 57. e4 Rb1 58. Rh7+ Ke8 59. Ke6 Rb6+ 60. Kf5 Rc6 61. e5 Rb6 62. e6 Rb1 63. Kf6 Rf1+ 64. Ke5 Re1+ 65. Kd5 Rd1+ 66. Ke5 Re1+ 67. Kf6 Rf1+ 68. Kg6 Rg1+ 69. Kf6 1/2-1/2

[Event "2026 Biel Blitz Open"]
[Site "Biel, CH"]
[Date "2026.07.19"]
[Round "9"]
[White "Aryan Mehta"]
[Black "Zumbrunn, Simon"]
[Result "0-1"]
[Board "51"]
[TimeControl "180+2"]
[WhiteFideId "33329664"]
[BlackFideId "1364146"]
[WhiteElo "2061"]
[BlackElo "1802"]
[WhiteClock "0:00:05"]
[BlackClock "0:00:57"]
[Variant "Standard"]
[EndDate "2026.07.19"]
[EndTime "14:47:14"]

1. d4 Nf6 2. c4 c5 3. d5 g6 4. Nc3 Bg7 5. e4 d6 6. f4 O-O 7. Nf3 Bg4 8. Bd3 a6 9. a4 e6 10. O-O exd5 11. cxd5 Re8 12. h3 Bxf3 13. Qxf3 Nbd7 14. Be3 Rc8 15. Rae1 c4 16. Bc2 Nc5 17. Bd4 Nfd7 18. Bxg7 Kxg7 19. Re2 Qf6 20. g4 Qd4+ 21. Kh1 Nd3 22. Rd1 N7c5 23. Bb1 Qf6 24. Rf1 Rb8 25. Qg2 Qh4 26. e5 dxe5 27. f5 e4 28. Kh2 Qd8 29. Qg1 Qd6+ 30. Kh1 b5 31. axb5 axb5 32. Qd4+ Qe5 33. Qe3 b4 34. f6+ Kh8 35. Qh6 Rg8 36. Nd1 g5 37. Rf5 Qg3 38. Rg2 Qe1+ 39. Rg1 Qe2 40. Rxg5 Rxg5 41. Qxg5 Rg8 42. Qh6 Nf2+ 43. Nxf2 Qxf2 44. g5 Qf3+ 45. Kh2 Qf4+ 46. Kh1 Qf3+ 47. Kh2 Nd3 48. Bxd3 Qf4+ 49. Kh1 cxd3 50. Rg4 Qe3 51. Kh2 0-1

[Event "2026 Biel Blitz Open"]
[Site "Biel, CH"]
[Date "2026.07.19"]
[Round "9"]
[White "Filimonov, Arsenii"]
[Black "Mikavica, Mirko"]
[Result "1-0"]
[Board "52"]
[TimeControl "180+2"]
[WhiteFideId "34171584"]
[BlackFideId "908657"]
[WhiteElo "1735"]
[BlackElo "2015"]
[WhiteClock "0:00:36"]
[BlackClock "0:00:06"]
[Variant "Standard"]
[EndDate "2026.07.19"]
[EndTime "14:38:06"]

1. e4 d6 2. d4 Nf6 3. Nc3 Nbd7 4. Nf3 e5 5. Bc4 Be7 6. O-O O-O 7. Re1 c6 8. a4 a5 9. Qe2 Qc7 10. h3 Nb6 11. Bb3 Nfd7 12. Be3 exd4 13. Nxd4 Nc5 14. Rad1 Be6 15. Nxe6 Nxe6 16. Qg4 Nc5 17. f4 Nxb3 18. cxb3 Bf6 19. Bd4 Bxd4+ 20. Rxd4 Nd7 21. Red1 Nf6 22. Qf5 Qb6 23. Kh2 Qxb3 24. Rxd6 Qxb2 25. R1d3 Rae8 26. Rxf6 Qc2 27. Rh6 Qxd3 28. Qxh7# 1-0

[Event "2026 Biel Blitz Open"]
[Site "Biel, CH"]
[Date "2026.07.19"]
[Round "9"]
[White "Mintz, Nathan"]
[Black "Jud, Marc"]
[Result "1/2-1/2"]
[Board "54"]
[TimeControl "180+2"]
[WhiteFideId "30995540"]
[BlackFideId "1309099"]
[WhiteElo "1608"]
[BlackElo "1946"]
[WhiteClock "0:01:55"]
[BlackClock "0:02:17"]
[Variant "Standard"]
[EndDate "2026.07.19"]
[EndTime "14:43:17"]

1. e4 c5 2. c3 d5 3. exd5 Qxd5 4. d4 cxd4 5. cxd4 e6 6. Nc3 Qd8 7. Nf3 Nf6 8. Bg5 Be7 9. Bc4 O-O 10. O-O Nc6 11. Rc1 Bd7 12. Ne5 Rc8 13. Bb3 Be8 14. Be3 a6 15. Nxc6 Bxc6 1/2-1/2

[Event "2026 Biel Blitz Open"]
[Site "Biel, CH"]
[Date "2026.07.19"]
[Round "10"]
[White "Mohammad Nubairshah Shaikh"]
[Black "Bu, Xiangzhi"]
[Result "1/2-1/2"]
[Board "1"]
[TimeControl "180+2"]
[WhiteFideId "5053196"]
[BlackFideId "8601445"]
[WhiteElo "2316"]
[BlackElo "2719"]
[WhiteTitle "IM"]
[BlackTitle "GM"]
[WhiteClock "0:00:07"]
[BlackClock "0:00:08"]
[Variant "Standard"]
[EndDate "2026.07.19"]
[EndTime "15:01:08"]

1. Nf3 d5 2. g3 c6 3. c4 Nf6 4. Bg2 Bg4 5. Qb3 Qb6 6. d3 Nbd7 7. Nc3 dxc4 8. Qxc4 Bxf3 9. Bxf3 Ne5 10. Qf4 Nxf3+ 11. Qxf3 e6 12. O-O Be7 13. b3 O-O 14. Bb2 Rfd8 15. Ne4 Nxe4 16. Qxe4 a5 17. Qg4 Bf8 18. Rab1 Qb4 19. Qc4 Rd5 20. Rfc1 h5 21. h4 Qd6 22. Qe4 a4 23. bxa4 Rda5 24. Rc4 Qd5 25. Bc3 Qxe4 26. Rxe4 Rxa4 27. Rxa4 Rxa4 28. Rxb7 Rxa2 29. Rb8 c5 30. Be5 Ra6 31. Rc8 f6 32. Bf4 Kf7 33. Rc7+ Kg6 34. Kg2 Ra2 35. Kf3 e5 36. Be3 Rc2 37. Rc8 Be7 38. Rc7 Kf7 39. Kg2 Ke6 40. Kf3 g6 41. Rc6+ Bd6 42. Rc8 Be7 43. Rc6+ Kd7 44. Ra6 c4 45. Ra7+ Ke6 46. Ra6+ Kf5 47. dxc4 Rxc4 48. Ra2 g5 49. hxg5 fxg5 50. Kg2 h4 51. gxh4 gxh4 52. Kh3 Bf6 53. Rd2 Rc1 54. Ra2 Rh1+ 55. Kg2 Re1 56. Kh3 Be7 57. Bb6 Bg5 58. Bc5 Rh1+ 59. Kg2 Rc1 60. Be3 Bxe3 61. fxe3 Ke4 62. Kf2 h3 63. Ra4+ Kf5 64. Rh4 Rh1 65. Kg3 Re1 66. Kf2 Rh1 67. Kg3 Rg1+ 68. Kf2 Rg2+ 69. Kf3 Rh2 70. Rh8 e4+ 71. Kg3 Rxe2 72. Kxh3 Rxe3+ 73. Kg2 Re2+ 74. Kg3 Ke5 75. Rd8 Ra2 76. Rd7 Rb2 77. Rd8 Ke6 78. Kf4 1/2-1/2

[Event "2026 Biel Blitz Open"]
[Site "Biel, CH"]
[Date "2026.07.19"]
[Round "10"]
[White "Shukhman, Anna"]
[Black "Arjun Kalyan"]
[Result "1-0"]
[Board "3"]
[TimeControl "180+2"]
[WhiteFideId "54180058"]
[BlackFideId "35018701"]
[WhiteElo "2392"]
[BlackElo "2451"]
[WhiteTitle "WGM"]
[BlackTitle "GM"]
[WhiteClock "0:00:11"]
[BlackClock "0:00:04"]
[Variant "Standard"]
[EndDate "2026.07.19"]
[EndTime "14:59:56"]

1. e4 e5 2. Nf3 Nc6 3. Nc3 Nf6 4. Nd5 Be7 5. Bd3 O-O 6. c3 d6 7. Bc2 Be6 8. Nxe7+ Nxe7 9. O-O Ng6 10. h3 h6 11. d4 Qe7 12. Qe2 Nh7 13. dxe5 dxe5 14. Bb3 c6 15. Be3 Qf6 16. Rfd1 Bxb3 17. axb3 a6 18. Rd7 b5 19. Rad1 Rfd8 20. Qd3 Rxd7 21. Qxd7 Nhf8 22. Qb7 Rd8 23. Rxd8 Qxd8 24. Qxc6 Qd1+ 25. Kh2 Qxb3 26. Qxa6 Qxb2 27. Qc6 Qe2 28. h4 h5 29. Qd5 Ne6 30. Nxe5 Nxe5 31. Qxe5 Qg4 32. g3 Qe2 33. Kg2 Qc4 34. Qd5 Qxc3 35. Qxb5 g6 36. Qd5 Qf6 37. Qd6 Qc3 38. Bf4 Qc4 39. Qd5 Nxf4+ 40. gxf4 Qe2 41. Qd8+ Kh7 42. Qe7 Qg4+ 43. Kf1 Qxf4 44. Ke2 Kg7 45. f3 Qh2+ 46. Ke3 Qb2 47. Qc5 Qb3+ 48. Kf4 Qe6 49. Qe5+ Qf6+ 50. Qxf6+ Kxf6 51. e5+ Ke6 52. Ke4 f6 53. f4 fxe5 54. fxe5 Ke7 55. Kd5 Kd7 56. e6+ Ke7 57. Ke5 g5 58. hxg5 h4 59. g6 h3 60. g7 h2 61. g8=Q 1-0

[Event "2026 Biel Blitz Open"]
[Site "Biel, CH"]
[Date "2026.07.19"]
[Round "10"]
[White "Kozak, Adam"]
[Black "Thorfinnsson, Bjorn"]
[Result "1/2-1/2"]
[Board "4"]
[TimeControl "180+2"]
[WhiteFideId "753246"]
[BlackFideId "2300982"]
[WhiteElo "2537"]
[BlackElo "2396"]
[WhiteTitle "GM"]
[BlackTitle "IM"]
[WhiteClock "0:00:08"]
[BlackClock "0:00:39"]
[Variant "Standard"]
[EndDate "2026.07.19"]
[EndTime "14:58:08"]

1. Nf3 d5 2. b3 c5 3. e3 a6 4. c4 dxc4 5. bxc4 Nf6 6. Bb2 g6 7. Nc3 Bg7 8. Ne4 Nbd7 9. Be2 O-O 10. Nxf6+ Nxf6 11. O-O Bf5 12. d3 b5 13. d4 cxd4 14. Nxd4 bxc4 15. Nxf5 gxf5 16. Bxc4 Qxd1 17. Rfxd1 Rfc8 18. Bd3 Ne4 19. Bxg7 Kxg7 20. f3 Nd6 21. Rac1 a5 22. Kf2 Kf6 23. g4 fxg4 24. fxg4 h6 25. Kf3 Ke5 26. Rxc8 Rxc8 27. Rb1 Rc3 28. Rb3 Rxb3 29. axb3 e6 30. Bc2 f5 31. gxf5 exf5 32. Bd3 Nb7 33. Bc2 Nc5 34. Ke2 f4 35. Kf3 fxe3 36. Kxe3 Ne6 37. Bd3 Nc5 38. Bc2 Ne6 39. Bd3 Nc5 40. Bc2 Ne6 1/2-1/2

[Event "2026 Biel Blitz Open"]
[Site "Biel, CH"]
[Date "2026.07.19"]
[Round "10"]
[White "Savitha Shri B"]
[Black "Rappazzo, Johannes"]
[Result "1-0"]
[Board "5"]
[TimeControl "180+2"]
[WhiteFideId "35061887"]
[BlackFideId "1340069"]
[WhiteElo "2161"]
[BlackElo "2032"]
[WhiteTitle "IM"]
[BlackTitle "FM"]
[WhiteClock "0:00:05"]
[BlackClock "0:00:12"]
[Variant "Standard"]
[EndDate "2026.07.19"]
[EndTime "15:00:28"]

1. e4 c5 2. Nf3 d6 3. d4 cxd4 4. Nxd4 Nf6 5. Nc3 a6 6. Be3 e5 7. Nb3 Be6 8. h3 Be7 9. g4 d5 10. exd5 Nxd5 11. Nxd5 Qxd5 12. Qxd5 Bxd5 13. Rg1 O-O 14. O-O-O Bc6 15. Bc4 b5 16. Bd5 Bxd5 17. Rxd5 Nc6 18. Bc5 Bg5+ 19. Kb1 Rfd8 20. Rgd1 Rxd5 21. Rxd5 Rd8 22. Rxd8+ Nxd8 23. Bd6 Nc6 24. Nc5 a5 25. Ne4 Bd8 26. Nc3 Bb6 27. Nxb5 Bxf2 28. Nc3 f6 29. Ne4 Bb6 30. c4 Kf7 31. a3 Ke6 32. b4 f5 33. gxf5+ Kxf5 34. c5 Bd8 35. b5 Kxe4 36. bxc6 Kd5 37. c7 Bxc7 38. Bxc7 Kxc5 39. Bxe5 g5 40. Bf6 h6 41. Bc3 Kb5 42. Bd2 a4 43. Kc2 Kc4 44. Be3 Kd5 45. Kd3 Ke5 46. Bc1 Kd5 47. Kc3 Kc5 48. Bd2 Kb5 49. Kd4 Kb6 50. Ke5 Kc5 51. Kf5 Kc4 52. Kg6 Kd3 53. Bb4 Ke4 54. Kxh6 Kf4 55. Kg6 Kg3 56. Kxg5 Kxh3 57. Kf5 Kg3 58. Ke5 Kf3 59. Kd5 Kf4 60. Bd6+ Kf5 61. Be5 Kg6 62. Kc5 Kf7 63. Kb5 Ke6 64. Kc6 1-0

[Event "2026 Biel Blitz Open"]
[Site "Biel, CH"]
[Date "2026.07.19"]
[Round "10"]
[White "Safarli, Eltaj"]
[Black "Vihaan Dumir"]
[Result "1-0"]
[Board "6"]
[TimeControl "180+2"]
[WhiteFideId "13402129"]
[BlackFideId "25901010"]
[WhiteElo "2619"]
[BlackElo "1965"]
[WhiteTitle "GM"]
[BlackTitle "CM"]
[WhiteClock "0:01:32"]
[BlackClock "0:00:03"]
[Variant "Standard"]
[EndDate "2026.07.19"]
[EndTime "14:56:58"]

1. e4 c5 2. Nf3 e6 3. Nc3 a6 4. g3 b5 5. Bg2 Bb7 6. d4 cxd4 7. Nxd4 Nc6 8. O-O Qb6 9. Nb3 d6 10. a4 b4 11. a5 Qc7 12. Na4 Nf6 13. Be3 Be7 14. Bb6 Qd7 15. f4 O-O 16. e5 dxe5 17. fxe5 Nd5 18. Nac5 Qc8 19. Nxb7 Qxb7 20. Bxd5 exd5 21. Qxd5 Rac8 22. Rad1 Nd8 23. Qxb7 Nxb7 24. Rd7 Bc5+ 25. Kh1 Bxb6 26. axb6 Nd8 27. b7 Rb8 28. Nc5 Re8 29. Rc7 Ne6 30. Nxe6 Rxe6 31. Rfxf7 Rxe5 32. Rxg7+ Kf8 33. Rxh7 Kg8 34. Rhe7 Rxe7 35. Rxe7 a5 36. Rc7 1-0

[Event "2026 Biel Blitz Open"]
[Site "Biel, CH"]
[Date "2026.07.19"]
[Round "10"]
[White "Alexakis, Dimitris"]
[Black "Fogo Esquivel, Levi Kalani Alexander"]
[Result "1-0"]
[Board "7"]
[TimeControl "180+2"]
[WhiteFideId "4277023"]
[BlackFideId "5183189"]
[WhiteElo "2459"]
[BlackElo "2219"]
[WhiteTitle "GM"]
[BlackTitle "FM"]
[WhiteClock "0:00:10"]
[BlackClock "0:00:14"]
[Variant "Standard"]
[EndDate "2026.07.19"]
[EndTime "14:59:48"]

1. e4 e5 2. Nf3 d5 3. d4 exd4 4. exd5 Qxd5 5. Qxd4 Qxd4 6. Nxd4 Bc5 7. Nb5 Bb6 8. Bf4 Na6 9. N1c3 Nf6 10. O-O-O O-O 11. f3 Be6 12. Nd4 Bd7 13. Bg5 Nc5 14. Bxf6 gxf6 15. Nd5 Kg7 16. Ne2 Rfd8 17. Ng3 Be6 18. Bc4 c6 19. Ne3 Nb3+ 20. axb3 Bxe3+ 21. Kb1 Bd4 22. c3 Be5 23. f4 Bc7 24. Kc2 Bxc4 25. bxc4 Kg6 26. Rhf1 f5 27. Rde1 Re8 28. Rd1 Rad8 29. Rxd8 Rxd8 30. Ne2 Re8 31. Ng1 h5 32. Kd3 h4 33. Nf3 Kh5 34. Nd4 Kg6 35. c5 Re4 36. g3 hxg3 37. hxg3 Re8 38. Rh1 Rd8 39. b4 a5 40. Kc4 axb4 41. cxb4 Re8 42. b5 cxb5+ 43. Nxb5 Bb8 44. Nd6 Re3 45. Rh8 Ba7 46. Ra8 b5+ 47. Nxb5 Bxc5 48. Kxc5 Kf6 49. Ra6+ Kg7 50. Nd4 Rc3+ 51. Kd5 f6 52. Nxf5+ Kg6 53. Ke4 Rc1 54. g4 Re1+ 55. Ne3 Kg7 56. f5 Re2 57. Ra7+ Kh6 58. Rf7 Kg5 59. Rg7+ Kh4 60. Kf3 1-0

[Event "2026 Biel Blitz Open"]
[Site "Biel, CH"]
[Date "2026.07.19"]
[Round "10"]
[White "Elmi, Saad Abobaker"]
[Black "Ling, Chenxuan"]
[Result "0-1"]
[Board "8"]
[TimeControl "180+2"]
[WhiteFideId "1553259"]
[BlackFideId "30983118"]
[WhiteElo "2409"]
[BlackElo "2235"]
[WhiteTitle "IM"]
[BlackTitle "CM"]
[WhiteClock "0:00:02"]
[BlackClock "0:01:13"]
[Variant "Standard"]
[EndDate "2026.07.19"]
[EndTime "14:57:17"]

1. Nf3 Nf6 2. e3 g6 3. c4 Bg7 4. Nc3 O-O 5. b3 c6 6. Bb2 d5 7. d4 Bg4 8. Be2 Nbd7 9. O-O e6 10. h3 Bxf3 11. Bxf3 Rc8 12. Rc1 Qe7 13. Qc2 Rfe8 14. Rfd1 dxc4 15. bxc4 e5 16. Ba1 exd4 17. exd4 Nb6 18. Qb3 Qd7 19. a4 Qc7 20. a5 Nbd7 21. a6 bxa6 22. c5 h5 23. Be2 a5 24. Bc4 Nf8 25. Qa2 Ne4 26. Ba6 Nxc3 27. Bxc3 Rb8 28. Bxa5 Qf4 29. Bc4 Re7 30. d5 Rb2 31. Qxb2 Bxb2 32. d6 Rd7 33. Rc2 Bd4 34. Ba2 Qe4 35. Rcd2 Bxc5 36. Bc7 0-1

[Event "2026 Biel Blitz Open"]
[Site "Biel, CH"]
[Date "2026.07.19"]
[Round "10"]
[White "Kukushkin, Ivan"]
[Black "Haimovich, Tal"]
[Result "1-0"]
[Board "9"]
[TimeControl "180+2"]
[WhiteFideId "11634103"]
[BlackFideId "2801698"]
[WhiteElo "2265"]
[BlackElo "2347"]
[WhiteTitle "FM"]
[BlackTitle "IM"]
[WhiteClock "0:00:26"]
[BlackClock "0:00:03"]
[Variant "Standard"]
[EndDate "2026.07.19"]
[EndTime "15:05:32"]

1. e4 d5 2. exd5 Qxd5 3. Nc3 Qd8 4. Nf3 Nf6 5. Bc4 e6 6. d4 Be7 7. O-O Nbd7 8. Re1 O-O 9. Ne5 Nb6 10. Bb3 Nbd5 11. Nxd5 exd5 12. c3 Bf5 13. Bg5 c6 14. Qe2 Re8 15. Bc2 Bxc2 16. Qxc2 h6 17. Bh4 Ne4 18. Bxe7 Rxe7 19. f3 Nd6 20. Ng4 Qc7 21. Qf2 Rae8 22. Qg3 Kf8 23. Rxe7 Qxe7 24. Ne5 Kg8 25. Re1 Qd8 26. Kf2 Qb6 27. Re2 f6 28. Qg6 Qd8 29. Ng4 Rxe2+ 30. Kxe2 Qe8+ 31. Qxe8+ Nxe8 32. Ne3 Kf7 33. Kd3 Ke6 34. b3 h5 35. h4 Nd6 36. g3 Nf5 37. Nxf5 Kxf5 38. Ke3 g5 39. Ke2 g4 40. Ke3 gxf3 41. Kxf3 b6 42. a3 a6 43. c4 dxc4 44. bxc4 b5 45. d5 cxd5 46. cxd5 a5 47. g4+ hxg4+ 48. Ke3 b4 49. d6 Ke6 50. h5 bxa3 51. h6 a2 52. h7 a1=Q 53. h8=Q Qe5+ 54. Kf2 Kxd6 55. Qb8+ Ke6 56. Qc8+ Ke7 57. Qb7+ Kf8 58. Qc8+ Kf7 59. Qd7+ Kg6 60. Qxg4+ Qg5 61. Qd1 Qf4+ 62. Kg2 Qe4+ 63. Kf2 Qf5+ 64. Kg2 Qg5+ 65. Kf2 Qc5+ 66. Kg2 f5 67. Qd3 Qb4 68. Qa6+ Kg5 69. Qc8 Qd2+ 70. Kf3 Qd3+ 71. Kf2 Qd4+ 72. Kf3 Qe4+ 73. Kf2 a4 74. Qd8+ Kf4 75. Qh4+ Ke5 76. Qe7+ Kd5 77. Qd7+ Kc5 78. Qa7+ Kb4 79. Qb6+ Ka3 80. Qd6+ Qb4 81. Qd3+ Qb3 82. Qxf5 Ka2 83. Qa5 a3 84. Ke2 Ka1 85. Kd2 a2 86. Kc1 Qb2 87. Kd1 Qd4 88. Kc1 Qc4 89. Kd2 Qb3 90. Kc1 Qb2 91. Kd1 Kb1 1-0

[Event "2026 Biel Blitz Open"]
[Site "Biel, CH"]
[Date "2026.07.19"]
[Round "10"]
[White "Matsumura, Cocoro"]
[Black "Amonatov, Farrukh"]
[Result "0-1"]
[Board "10"]
[TimeControl "180+2"]
[WhiteFideId "36087114"]
[BlackFideId "14700077"]
[WhiteElo "2131"]
[BlackElo "2585"]
[WhiteTitle "CM"]
[BlackTitle "GM"]
[WhiteClock "0:00:07"]
[BlackClock "0:00:18"]
[Variant "Standard"]
[EndDate "2026.07.19"]
[EndTime "15:00:19"]

1. e4 c5 2. Nf3 d6 3. d4 cxd4 4. Nxd4 Nf6 5. Nc3 a6 6. Bg5 e6 7. Qf3 Be7 8. O-O-O Qc7 9. g4 Nbd7 10. Bd2 Ne5 11. Qe2 b5 12. g5 Nfd7 13. f4 Nc4 14. Ndxb5 axb5 15. Nxb5 Qb8 16. Qxc4 O-O 17. Nc3 Nc5 18. Qe2 Bb7 19. a3 Rc8 20. Qe3 Na4 21. Nxa4 Rxa4 22. Bd3 d5 23. exd5 Bxd5 24. Rdf1 Qa8 25. Rhg1 Bc5 26. Qh3 Be4 27. Rg3 Bxa3 28. bxa3 Rxa3 29. Kd1 Rd8 30. Ke2 Ra2 31. Re3 Bxd3+ 32. Rxd3 Qe4+ 33. Qe3 Qg2+ 34. Rf2 Qg4+ 35. Qf3 Qxf3+ 36. Rfxf3 Rc8 37. c3 g6 38. h4 Rb8 39. h5 gxh5 40. Rh3 Rb5 41. Rxh5 Rf5 42. Ke3 Ra4 43. Rd4 Ra1 44. Rh2 Rf1 45. Rf2 Rg1 46. c4 Kg7 47. Bc3 Kg6 48. Rdd2 Rc5 49. Rh2 Rxc4 50. Rh6+ Kf5 51. Rf6+ Kg4 52. Be5 Rg3+ 53. Kf2 Rc1 54. Rxf7 Rh1 55. Ke2 Rb3 56. Rc7 Rhh3 57. Kd1 Kf5 58. Rf7+ Ke4 59. Rc7 Ra3 60. Rc4+ Kf5 61. Kc2 Rh1 62. Kb2 Rha1 63. Rc5 R3a2+ 64. Kc3 Rc1+ 65. Kd3 Rxd2+ 66. Kxd2 Rxc5 67. Ke3 Rxe5+ 68. Kd4 0-1